 Dungeon Crawl Stone Soup version 0.22-a0-224-g8cf3520474 (webtiles) character file.

26 Fuhrer the Chopper (level 2, 0/26 HPs)
             Began as a Deep Dwarf Skald on Feb 19, 2018.
             Slain by Natasha (1 damage)
             ... on level 2 of the Dungeon.
             The game lasted 00:04:18 (738 turns).

Fuhrer the Chopper (Deep Dwarf Skald)                Turns: 738, Time: 00:04:19

Health: 0/26       AC:  6    Str: 14    XL:     2   Next: 89%
Magic:  4/4        EV: 10    Int: 13    God:
Gold:   38         SH:  5    Dex: 12    Spells: 3/4 levels left

rFire    . . .     SeeInvis .   a - +0 hand axe
rCold    . . .     Gourm    .   (no shield)
rNeg     . . .     Faith    .   j - +0 scale mail (curse)
rPois    .         Spirit   .   (no helmet)
rElec    .         Reflect  +   (no cloak)
rCorr    .         Harm     .   (no gloves)
MR       .....                  (no boots)
Stlth    ..........             d - +5 amulet of reflection
HPRegen  0.00/turn              (no ring)
MPRegen  0.09/turn              (no ring)

@: non-regenerating
A: damage resistance, heal wounds, sense surroundings 1, no regeneration
a: Heal Wounds


You were on level 2 of the Dungeon.
You were not hungry.

You visited 1 branch of the dungeon, and saw 2 of its levels.

You collected 38 gold pieces.

Inventory:

Hand Weapons
 a - a +0 hand axe (weapon)
Armour
 j - a cursed +0 scale mail (worn)
Jewellery
 d - a +5 amulet of reflection (around neck)
Scrolls
 b - a scroll of amnesia {unknown}
 g - a scroll of teleportation {unknown}
 h - 3 scrolls of identify {unknown}
 i - a scroll of random uselessness {unknown}
Potions
 e - a potion of degeneration {unknown}
Comestibles
 c - 3 rations
 f - a chunk of flesh


   Skills:
 - Level 1.7 Fighting
 + Level 3.1 Axes
 + Level 2.3 Armour
 - Level 2.1 Dodging
 - Level 1.7 Spellcasting
 - Level 2.6 Charms


You had 3 spell levels left.
You knew the following spells:

 Your Spells              Type           Power        Failure   Level  Hunger
a - Infusion              Chrm           #...         36%         1    ##.....


Dungeon Overview and Level Annotations

Branches:
Dungeon (2/15)

Altars:

Annotations:
D:2 Natasha


Innate Abilities, Weirdness & Mutations

You are resistant to damage.
You can heal yourself by infusing magical energy.
You passively map a small area around you.
You do not regenerate.


Message History

Natasha is moderately wounded.
Natasha claws you but does no damage.
You hit Natasha.
Natasha is heavily wounded.
Natasha casts a spell at you. The magic dart hits you!
* * * LOW HITPOINT WARNING * * *
You hit Natasha.
Natasha is almost dead.
Natasha wildly gestures.
You feel disoriented. You block Natasha's attack.
You hit Natasha but do no damage.
Natasha is almost dead.
Natasha closely misses you.
A kobold comes into view. It is wielding a whip.
You hit Natasha.
Natasha is almost dead.
Natasha claws you.
You die...

,*
#..............#
, ***
#.##############
* * #.# * #.#
#.# *, #.# *, *
* #.# ##### * *
* #.#####h.....
, , , #....@hh.#
* , * #######hK#
* * * * .#* * ,
, , ,, , ,,.. *
, * * #. *, , #
** * * , , ,, *
* *


You could see Natasha, 3 jackals and a kobold.

Vanquished Creatures
  A dart slug (D:1)
  4 goblins (D:1)
  2 hobgoblins (D:1)
  A jackal (D:2)
  2 ball pythons (D:1)
  3 bats
  3 frilled lizards (D:1)
  5 kobolds (D:1)
  7 rats
28 creatures vanquished.

Notes
Turn   | Place    | Note
-------+----------+-------------------------------------------
     0 | D:1      | Fuhrer the Deep Dwarf Skald began the quest for the Orb.
     0 | D:1      | Reached XP level 1. HP: 19/19 MP: 3/3
   161 | D:1      | Reached XP level 2. HP: 24/26 MP: 4/4
   342 | D:1      | Reached skill level 3 in Axes
   728 | D:2      | Noticed Natasha
   735 | D:2      | HP: 1/26 [Natasha/magic dart (2)]
   738 | D:2      | Slain by Natasha

Vault maps used:
D:1:      dpeg_arrival_more_subterranean_lakeside_camping
D:2:      hangedman_feature_mirror, uniq_natasha

Skill      XL: |  1  2 |
---------------+-------+-----
Armour         | 2 |  2.3
Axes           | 3 |  3.1
Fighting       | |  1.7
Dodging        | |  2.1
Spellcasting   | |  1.7
Charms         | |  2.6

Action                   || total
-------------------------++-------
Melee: Hand axe          ||    81
Armor: Leather armour    ||     4
       Ring mail         ||    29
       Scale mail        ||     6
Dodge: Dodged            ||    40
Block: Other             ||     3

Table legend:
 A = Spawn XP
 B = Non-spawn XP
 C = Spawn XP percentage of total XP
 D = Spawn monster count
 E = Non-spawn monster count
 F = Spawn count percentage of total count
 G = Total turns spent on level
                    A         B        C        D         E        F      G
               +---------+---------+-------+---------+---------+-------+---------
         Total |       0 |      38 |   0.0 |       0 |      28 |   0.0 |   738
               +---------+---------+-------+---------+---------+-------+---------
           D:1 |       0 |      33 |   0.0 |       0 |      24 |   0.0 |   681
           D:2 |       0 |       5 |   0.0 |       0 |       4 |   0.0 |    57
               +---------+---------+-------+---------+---------+-------+---------
